 Dungeon Crawl Stone Soup version 0.19.0-18-g426998a (webtiles) character file.

81 Murfle the Shield-Bearer (level 4, -2/38 HPs)
             Began as a Demigod Fighter on Nov 12, 2016.
             Slain by Grinder (4 damage)
             ... while paralysed by Grinder
             ... on level 3 of the Dungeon.
             The game lasted 00:10:43 (3036 turns).

Murfle the Shield-Bearer (Demigod Fighter)          Turns: 3036, Time: 00:10:43

Health: -2/38      AC:  9    Str: 20 (21) XL:     4   Next: 0%
Magic:  6/6        EV:  2    Int: 12      God:
Gold:   102        SH:  0    Dex: 13 (15) Spells: 0 memorised, 3 levels left

rFire  . . .     SeeInvis .     a - +0 flail
rCold  . . .     Gourm    .     l - +0 scale mail
rNeg   . . .     Faith    .     c - +0 shield
rPois  .         Spirit   .     (no helmet)
rElec  .         Reflect  .     (no cloak)
rCorr  .         Harm     .     h - +2 pair of gloves
MR     .....                    (no boots)
Stlth  ..........               (no amulet)
                                (no ring)
                                (no ring)

@: paralysed
A: high mp 1
a: no special abilities


You were on level 3 of the Dungeon.
You were not hungry.

You visited 1 branch of the dungeon, and saw 3 of its levels.

You collected 102 gold pieces.

Inventory:

Hand Weapons
 a - a +0 flail (weapon)
 e - a cursed -3 spear
 i - a +0 dagger
Armour
 b - a +0 scale mail
 c - a +0 shield (worn)
 h - a +2 pair of gloves (worn)
 l - a +0 scale mail (worn)
Jewellery
 g - an uncursed ring of positive energy {unknown}
Comestibles
 d - a chunk of flesh
 f - a bread ration
 j - 2 fruits
 k - a meat ration


   Skills:
 + Level 3.1 Fighting
 + Level 2.3 Maces & Flails
 + Level 3.1 Armour
 + Level 1.0 Dodging
 + Level 0.4 Stealth
 + Level 3.3 Shields


You had 3 spell levels left.
You didn't know any spells.

Dungeon Overview and Level Annotations

Branches:
Dungeon (3/15)

Annotations:
D:3 Grinder


Innate Abilities, Weirdness & Mutations

You have an increased reservoir of magic. (+10% MP)


Message History

You barely resist. Grinder hits you but does no damage.
You sock Grinder!
Grinder is moderately wounded.
You block Grinder's attack.
You sock Grinder!
Grinder is severely wounded.
Grinder hits you.
You writhe in agony.
You closely miss Grinder.
Grinder is severely wounded.
Grinder says, "FISH!"
Grinder hits you!
You writhe in agony.
Grinder gestures at you.
You suddenly lose the ability to move!
Grinder hits you but does no damage. x2
Grinder hits you.
You writhe in agony.
* * * LOW HITPOINT WARNING * * *
Grinder hits you!
* * * LOW HITPOINT WARNING * * *
You writhe in agony.
You die...

###########
#.........# #
#.#######.###.#####
##.#####
#..@5......
#......#
#..#$.##.#.
#..###.###).#...#
#..........[......
#.####..........#.#
#....######.##.## #
####.# #.# .# #.#
#.# .## #<# ....


You could see Grinder.

Vanquished Creatures
  An adder (D:2)
  2 oozes
  A worm (D:2)
  2 dart slugs
  6 bats
  3 giant cockroaches
  6 goblins
  10 hobgoblins
  6 jackals (D:2)
  6 frilled lizards
  5 kobolds
  6 rats
54 creatures vanquished.

Notes
Turn   | Place    | Note
-------+----------+-------------------------------------------
     0 | D:1      | Murfle the Demigod Fighter began the quest for the Orb.
     0 | D:1      | Reached XP level 1. HP: 18/18 MP: 3/3
   164 | D:1      | Reached XP level 2. HP: 23/25 MP: 4/4
  1343 | D:2      | Found a bloodstained altar of Trog.
  1343 | D:2      | Found a faded altar of an unknown god.
  1356 | D:2      | Found a faded altar of an unknown god.
  1362 | D:2      | Found a faded altar of an unknown god.
  1364 | D:2      | Found a faded altar of an unknown god.
  1381 | D:2      | Found a sparkling altar of Nemelex Xobeh.
  1720 | D:2      | Reached XP level 3. HP: 26/30 MP: 5/5
  2338 | D:2      | Reached skill level 1 in Dodging
  2719 | D:2      | Found a glowing silver altar of Zin.
  3015 | D:3      | Reached XP level 4. HP: 38/38 MP: 6/6
  3017 | D:3      | Noticed Grinder
  3018 | D:3      | Paralysed by Grinder for 7 turns
  3032 | D:3      | Paralysed by Grinder for 5 turns
  3036 | D:3      | Slain by Grinder

Skill      XL: |  1  2  3 |
---------------+----------+-----
Shields        | 3 |  3.3
Armour         | 3 |  3.1
Maces & Flails | 2 |  2.3
Fighting       | 3 |  3.1
Dodging        | 1 |  1.0
Stealth        | |  0.4

Action                   |  1- 3 |  4- 6 || total
-------------------------+-------+-------++-------
Melee: Flail             |   219 |     9 ||   228
  Use: Potion            |     7 |       ||     7
       Scroll            |     4 |       ||     4
  Eat: Chunk             |     3 |       ||     3
       Bread ration      |     1 |       ||     1
Armor: Scale mail        |    88 |     7 ||    95
Dodge: Dodged            |    82 |     5 ||    87
Block: Shield            |   124 |     2 ||   126
